 Dungeon Crawl Stone Soup version 0.30.0-29-ga12c61a403 (webtiles) character file.

Game seed: 5238072782362695447

8178 Bobsterar the Fighter (level 11, -9/148 HPs)
             Began as a Minotaur Fighter on June 2, 2023.
             Was a Priest of Cheibriados.
             Mangled by a sun demon (14 damage)
             ... summoned by an orc high priest
             ... in a bailey on June 3, 2023.
             The game lasted 00:19:58 (8945 turns).

Bobsterar the Fighter (Minotaur Fighter)            Turns: 8945, Time: 00:19:58

Health: -9/148     AC: 29    Str: 30    XL:     11   Next: 6%
Magic:  0/10       EV:  2    Int: 13    God:    Cheibriados [***...]
Gold:   588        SH: 11    Dex: 15    Spells: 10/10 levels left

rFire   . . .        u - +0 broad axe
rCold   . . .        Q - +0 kite shield
rNeg    . . .        t - melded +0 chain mail
rPois   +            l - melded +2 hat
rElec   .            (cloak currently unavailable)
rCorr   .            (gloves currently unavailable)
SInv    +            (boots currently unavailable)
Will    .....        i - amulet of guardian spirit
Stlth   +            B - ring of see invisible
HPRegen 0.44/turn    A - +4 ring of protection
MPRegen 0.12/turn

%: guardian spirit
@: mighty, tree-form, spiked, very slow
A: stationary, stasis, torment immunity, boosted hp, (horns 2), (retaliatory
headbutt)
a: Renounce Religion, Bend Time, Temporal Distortion


You were in a bailey.
You worshipped Cheibriados.
Cheibriados was most pleased with you.
You were a tree.
You visited 2 branches of the dungeon, and saw 10 of its levels.
You also visited: Sewer, Ossuary and Bailey.

You collected 588 gold pieces.

Inventory:

Hand Weapons
 a - a +0 war axe
 k - the +7 whip of a Thousand Dreams {flame, Fly Will+}
   (You found it on level 9 of the Dungeon)

   Fly:       It grants you flight.
   Will:      It increases your willpower.
 u - a +0 broad axe (weapon)
Missiles
 P - 2 throwing nets
Armour
 b - a +0 scale mail
 c - a +0 buckler
 l - a +2 hat (melded)
 n - a +0 ring mail
 t - a +0 chain mail (melded)
 Q - a +0 kite shield (worn)
Jewellery
 i - an amulet of guardian spirit (around neck)
 r - a ring of protection from fire
 A - a +4 ring of protection (right branch)
 B - a ring of see invisible (left branch)
 K - a ring of protection from cold
 L - a ring of magical power
 O - a ring of protection from fire
 S - a ring of poison resistance
Wands
 R - a wand of mindburst (6) (quivered)
Scrolls
 e - 2 scrolls of vulnerability
 f - 4 scrolls of amnesia
 g - 3 scrolls of fog
 j - 4 scrolls of noise
 m - 5 scrolls of immolation
 q - 2 scrolls of torment
 s - 2 scrolls of enchant armour
 y - 2 scrolls of teleportation
 E - 2 scrolls of blinking
 H - a scroll of butterflies {unknown}
 M - a scroll of fear {unknown}
 N - 2 scrolls of brand weapon {unknown}
Potions
 d - 3 potions of might
 h - 14 potions of curing
 o - 2 potions of heal wounds
 p - 2 potions of lignification
 w - a potion of invisibility
 x - 2 potions of mutation {unknown}
 z - a potion of resistance {unknown}
 C - a potion of cancellation {unknown}
 D - 2 potions of attraction {unknown}
 F - 2 potions of flight {unknown}
 G - a potion of ambrosia {unknown}
 J - a potion of brilliance {unknown}
Miscellaneous
 I - a lightning rod (3/4)


   Skills:
 + Level 9.7 Fighting
 - Level 8.6(8.9) Axes
 + Level 3.0(6.3) Maces & Flails
 + Level 9.7 Armour
 + Level 7.9 Dodging
 + Level 9.6 Shields
 + Level 3.7 Evocations


You had 10 spell levels left.
You didn't know any spells.
Your spell library contained the following spells:

 Spells                   Type           Power      Damage    Failure   Level
 Blink                    Tloc           0%         N/A       58%         2
 Cigotuvi's Dreadful Rot  Necr/Pois/Air  0%         N/A       58%         2
 Gell's Gravitas          Tloc           0%         N/A       82%         3
 Ignite Poison            Fire/Tmut/Pois 0%         N/A       82%         3
 Teleport Other           Tloc           0%         N/A       82%         3
 Leda's Liquefaction      Hex/Erth       0%         N/A       99%         4
 Manifold Assault         Tloc           0%         N/A       99%         4
 Freezing Cloud           Conj/Ice/Air   0%         6-21      100%        5
 Lee's Rapid Deconstruct  Erth           0%         3d4*      100%        5
 Dispersal                Tloc           0%         N/A       100%        6
 Statue Form              Tmut/Erth      0%         N/A       100%        6
 Storm Form               Tmut/Air       0%         N/A       100%        7


Dungeon Overview and Level Annotations

Branches:
Dungeon (9/15)             Temple (1/1) D:6           Sewer (visited)
Ossuary (visited)          Bailey (1/1)
   Lair: D:8-11         Orc: D:9-12

Altars:
Ashenzari
Cheibriados
Dithmenos
Elyvilon
Fedhas
Gozag
Kikubaaqudgha
Makhleb
Nemelex Xobeh
Okawaru
Qazlal
Trog
Uskayaw
Vehumet
Wu Jian
Xom
Yredelemnul

Shops:
D:1 !   D:6 *   D:8 [[

Annotations:
D:8 1 runed translucent door, Jackthecabe's ghost, novice DsWr


Innate Abilities, Weirdness & Mutations

You are a tree.
Your roots penetrate the ground, keeping you stationary.
You cannot be teleported.
You are immune to unholy pain and torment.
Your maximum health is greatly increased.
Your equipment is partially melded.
((You have a pair of horns on your head.))
((You reflexively headbutt those who attack you in melee.))


Message History

The red devil hits you but does no damage.
An electric eel comes into view.
You block the sun demon's attack. You block the hellwing's attack.
The hellwing hits you.
* * * LOW HITPOINT WARNING * * *
You closely miss the hellwing. You hit the sun demon.
You block the sun demon's attack.
The red devil hits you but does no damage.
An orc comes into view. It is wielding a +0 hand axe.
The hellwing hits you but does no damage.
The hellwing hits you.
* * * LOW HITPOINT WARNING * * *
You feel very mighty all of a sudden.
The orc high priest no longer looks unusually strong.
You block the sun demon's attack. You block the red devil's attack.
The orc warrior hits you with a +0 hand axe!
* * * LOW HITPOINT WARNING * * *
The hellwing hits you!
* * * LOW HITPOINT WARNING * * *
The hellwing hits you but does no damage.
The sun demon hits you!
* * * LOW HITPOINT WARNING * * *
You are engulfed in flames!
* * * LOW HITPOINT WARNING * * *
Unknown command.
You feel much better. You block the hellwing's attack.
The hellwing hits you but does no damage.
The red devil hits you from afar with a +0 trident!
* * * LOW HITPOINT WARNING * * *
Barbed spikes become lodged in your body.
The electric eel shoots out a bolt of lightning at you!
The bolt of electricity hits the orc warrior!
The bolt of electricity hits you!
* * * LOW HITPOINT WARNING * * *
The bolt of electricity hits you!
* * * LOW HITPOINT WARNING * * *
The orc warrior barely misses you. The sun demon hits you.
* * * LOW HITPOINT WARNING * * *
You are engulfed in flames!
You die...

#.....'....#≈≈≈≈≈#
'.....#....#≈≈≈≈≈#
##########.#≈≈≈≈≈#
#.'))#.~≈≈≈≈≈#
#).#.~≈≈≈≈≈#
#..#.~≈≈≈≈≈#
########.~≈≈≈≈≈#
..8.8.4#.4≈≈≈≈≈#
...o.)o3♣~≈≈≈≈≈#
..8.8.o#o~≈≈≈≈≈#
########.~≈≈≈≈≈#
#.~≈≈≈≈≈#
#.~≈≈≈≈≈#
?#.~S≈≈≈≈#
##.#≈≈≈≈≈#
..#≈≈≈≈≈#


You could see an orc high priest, a sun demon (summoned), a hellwing (summoned),
a red devil (summoned), 2 orc warriors, an electric eel and an orc.

Vanquished Creatures
  2 centaur warriors (D:8)
  A two-headed ogre (D:8)
  An orc high priest (Bailey)
  2 orc knights (Bailey)
  A wyvern (D:8)
  3 yaks (D:9)
  A steam dragon (D:8)
  Menkaure (D:6)
  An acid dragon (D:9)
  5 orc warriors
  3 sky beasts
  2 ice beasts (D:7)
  3 black bears
  2 centaurs
  A phantom (D:4)
  3 kobold brigands
  5 bullfrogs
  A gnoll sergeant (D:9)
  3 water moccasin zombies (Ossuary)
  4 scorpions
  3 wights (D:8)
  6 killer bees (D:8)
  5 howler monkeys
  2 electric eels (Bailey)
  A jelly (D:6)
  7 hounds
  An orc priest (D:8)
  A gnoll bouda (D:7)
  Jessica (D:2)
  4 iguanas
  2 mummies (Ossuary)
  9 gnolls
  14 adders
  A shadow imp (D:7)
  3 white imps
  An ufetubus (D:4)
  5 adder zombies (Ossuary)
  2 worms
  4 dart slugs
  9 orcs
  7 endoplasms
  12 giant cockroaches
  6 gnoll zombies (Ossuary)
  7 goblins
  3 hobgoblins
  6 jackals
  10 quokkas
  13 ball pythons
  2 bats
  9 frilled lizards
  A hobgoblin zombie (Ossuary)
  11 kobolds
  6 kobold zombies (Ossuary)
  5 orc zombies (Ossuary)
  6 rats
230 creatures vanquished.

Vanquished Creatures (others)
  A water moccasin (D:8)
  A howler monkey (D:8)
  A kobold (D:8)
3 creatures vanquished.

Grand Total: 233 creatures vanquished

Notes
Turn   | Place    | Note
-------+----------+-------------------------------------------
     0 | D:1      | Bobsterar the Minotaur Fighter began the quest for the Orb.
     0 | D:1      | Reached XP level 1. HP: 19/19 MP: 0/0
   236 | D:1      | Reached XP level 2. HP: 27/27 MP: 1/1
   572 | D:1      | Found Jazufit's Distillery.
   575 | D:1      | Reached XP level 3. HP: 33/33 MP: 2/2
   701 | D:1      | You fall into a shaft and drop 1 floor!
  1118 | D:2      | Reached skill level 1 in Dodging
  1230 | D:2      | Noticed Jessica
  1233 | D:2      | Killed Jessica
  1234 | D:2      | Reached XP level 4. HP: 39/41 MP: 3/3
  2209 | D:4      | Reached XP level 5. HP: 47/47 MP: 4/4
  2591 | D:4      | Found a sand-covered staircase.
  2595 | D:4      | Reached skill level 5 in Fighting
  2595 | D:4      | Reached skill level 5 in Armour
  2595 | D:4      | Reached XP level 6. HP: 46/56 MP: 5/5
  2603 | Ossuary  | Entered an ossuary
  2701 | Ossuary  | Reached skill level 5 in Shields
  2813 | Ossuary  | Reached XP level 7. HP: 47/61 MP: 4/6
  3423 | D:5      | Entered Level 5 of the Dungeon
  3488 | D:5      | Found a burning altar of Makhleb.
  3665 | D:5      | Reached skill level 5 in Axes
  4121 | D:5      | Found a glowing drain.
  4125 | Sewer    | Entered a sewer
  4333 | Sewer    | Reached XP level 8. HP: 68/70 MP: 7/7
  4596 | D:6      | Noticed Menkaure
  4601 | D:6      | Killed Menkaure
  4959 | D:6      | Reached skill level 5 in Dodging
  5149 | D:6      | Found Ea-nāṣir's Fine Metal Goods.
  5233 | D:6      | Found a staircase to the Ecumenical Temple.
  5352 | Temple   | Entered the Ecumenical Temple
  5668 | Temple   | Became a worshipper of Cheibriados the Contemplative
  6278 | D:7      | Reached XP level 9. HP: 73/79 MP: 5/8
  6803 | D:8      | Found Asyr's Antique Armour Emporium.
  6832 | D:8      | Noticed a two-headed ogre
  6839 | D:8      | Killed a two-headed ogre
  6874 | D:8      | Reached * piety under Cheibriados
  7082 | D:8      | Found Erchuu's Antique Armour Shop.
  7106 | D:8      | Noticed Jackthecabe's ghost (novice DsWr)
  7120 | D:8      | Found a runed translucent door.
  7218 | D:8      | Reached skill level 1 in Evocations
  7255 | D:8      | Reached XP level 10. HP: 64/90 MP: 7/9
  7347 | D:8      | Upgraded the game from 0.30.0-20-g3b4254fcbd to
                  | 0.30.0-29-ga12c61a403
  7360 | D:8      | Noticed a centaur warrior
  7363 | D:8      | Noticed a centaur warrior
  7374 | D:8      | Reached ** piety under Cheibriados
  7646 | D:8      | Killed a centaur warrior
  7777 | D:8      | Killed a centaur warrior
  8226 | D:9      | Identified the +7 whip of a Thousand Dreams {flame, Fly
                  | Will+}
  8345 | D:9      | Reached skill level 1 in Maces & Flails
  8427 | D:9      | Found a flagged portal.
  8463 | Bailey   | Entered a bailey
  8688 | Bailey   | Noticed an orc knight
  8691 | Bailey   | Noticed an orc high priest
  8710 | Bailey   | Noticed a sixfirhy
  8716 | Bailey   | Killed an orc high priest
  8718 | Bailey   | Killed an orc knight
  8727 | Bailey   | Reached *** piety under Cheibriados
  8923 | Bailey   | Noticed an orc knight
  8927 | Bailey   | Noticed an orc high priest
  8930 | Bailey   | Noticed a sun demon
  8935 | Bailey   | Killed an orc knight
  8936 | Bailey   | Reached XP level 11. HP: 64/99 MP: 5/10
  8944 | Bailey   | HP: 3/148 [sun demon[an orc high priest] (10)]
  8945 | Bailey   | Mangled by a sun demon

Illustrated notes

Levels and vault maps discovered:
D:1:      lightli_arrival_farm, layout_loops_ring, serial_shops, shop,
          grunt_decor_clamped
D:2:      layout_rooms, uniq_jessica
D:3:      layout_loops_ring, kennysheep_cross_bottleneck
D:4:      layout_loops_ring, nicolae_ossuary_entry_monument, minivault_5
D:5:      layout_loops_ring, kennysheep_mini, serial_bayou, serial_bayou_pond_a,
          serial_bayou_lagoon_b, serial_bayou_lagoon_a, serial_bayou_pond_c,
          serial_bayou_ford_a, gup_sewer_entry_bowl, grunt_ministairs_4
D:6:      layout_loops_ring, minmay_temple_entry_statues_fountains,
          nicolae_ea-nasir_strikes_again, uniq_menkaure
D:7:      layout_loops_ring, minivault_1, minmay_misc_feat_encased
D:8:      layout_basic, hellmonk_ghost_big_iron, serial_shops,
          nicolae_stop_n_shop_2, kennysheep_mini_moat, minmay_three_doors
D:9:      layout_roguey, kennysheep_orc_sif_temple, amcnicky_altar_gilded,
          lemuel_round_altar, lightli_bailey_entry_fortress, patterned_corridor
Temple:   eino_temple_rhombus
Bailey:   bailey_axe_of_yendor_kennysheep, bailey

Skill      XL: |  1  2  3  4  5  6  7  8  9 10 |
---------------+-------------------------------+-----
Armour         | 4 5 6 7 8 9 |  9.7
Fighting       | 4 5 6 7 8 9 |  9.7
Shields        | 4 5 6 7 8 9 |  9.6
Axes           | 3 4 5 6 8 |  8.6
Dodging        | 1 2 3 4 5 6 7 |  7.9
Evocations     | 1 3 |  3.7
Maces & Flails | 3 |  3.0

Action                     |  1- 3 |  4- 6 |  7- 9 | 10-12 || total
---------------------------+-------+-------+-------+-------++-------
  Melee: War axe           |    79 |   137 |   296 |    44 ||   556
         Headbutt          |     5 |    26 |    33 |    17 ||    81
         Whip              |       |       |       |    60 ||    60
         Broad axe         |       |       |       |    13 ||    13
 Invoke: Bend Time         |       |       |       |     1 ||     1
  Evoke: Wand              |       |       |       |     7 ||     7
         Lightning rod     |       |       |       |     5 ||     5
    Use: Scroll            |       |       |    12 |     8 ||    20
         Potion            |       |       |       |     8 ||     8
   Stab: Invisible         |       |       |       |     2 ||     2
 Armour: Scale mail        |    43 |    31 |       |       ||    74
         Chain mail        |       |    36 |   194 |    60 ||   290
         Skin              |       |       |       |    13 ||    13
  Dodge: Dodged            |    43 |    52 |   144 |    74 ||   313
  Block: Buckler           |    25 |    24 |    55 |       ||   104
         Kite shield       |       |       |    64 |   106 ||   170
